 Dungeon Crawl Stone Soup version 0.28.0 (webtiles) character file.

Game seed: 9934711728253521841

7571 catcat the Destroyer (level 10, -3/88 HPs)
             Began as a Red Draconian Conjurer on May 8, 2022.
             Killed from afar by a centaur (10 damage)
             ... with an iceblast
             ... on level 10 of the Dungeon.
             The game lasted 00:38:05 (13032 turns).

catcat the Destroyer (Red Draconian Conjurer)      Turns: 13032, Time: 00:38:06

Health: -3/88      AC:  4    Str:  9    XL:     10   Next: 97%
Magic:  12/22      EV: 12    Int: 24    God:
Gold:   512        SH:  4    Dex:  9    Spells: 7/25 levels left

rFire   + . .      SeeInvis .   j - staff of conjuration
rCold   . . .      Faith    .   y - +0 buckler
rNeg    + . .      Spirit   .   (armour unavailable)
rPois   .          Reflect  .   (helmet restricted)
rElec   .          Harm     .   (no cloak)
rCorr   .          Rampage  .   e - +0 pair of gloves
Will    .....                   (no boots)
Stlth   ++........              (no amulet)
HPRegen 0.24/turn               q - ring of flight
MPRegen 0.18/turn               E - ring of positive energy

@: about to teleport, corroded, flying
A: breathe fire, AC +7, unfitting armour, fire resistance 1, cold-blooded
a: Breathe Fire


You were on level 10 of the Dungeon.
You visited 2 branches of the dungeon, and saw 11 of its levels.
You also visited: Ossuary.

You collected 512 gold pieces.

Inventory:

Hand Weapons
 a - a +0 club
 c - a +0 short sword
 f - a +2 hunting sling of freezing
 u - a +2 dagger of draining
 G - the +1 dagger "Grim" {flame, rC++ Int+4 Stlth-}
   (You found it on level 6 of the Dungeon)

   It burns those it strikes, dealing additional fire damage.
   Int:       It affects your intelligence (+4).
   rC:        It greatly protects you from cold.
   Stlth:     It makes you less stealthy.
 M - a +3 vampiric falchion
 S - the +10 rapier "Bublauwo" {drain, rN+ Dex+3 Stlth+}
   (You found it on level 9 of the Dungeon)

   A truly terrible weapon, it drains the life of any living foe it strikes.
   Dex:       It affects your dexterity (+3).
   rN:        It protects you from negative energy.
   Stlth:     It makes you more stealthy.
Missiles
 b - 212 stones (quivered)
 T - a throwing net
Armour
 e - a +0 pair of gloves (worn)
 y - a +0 buckler (worn)
Magical Staves
 j - a staff of conjuration (weapon)
 l - a staff of air
 C - a staff of earth
Jewellery
 q - a ring of flight (left hand)
 E - a ring of positive energy (right hand)
Wands
 n - a wand of mindburst (48)
 L - a wand of iceblast (2)
 O - a wand of flame (10)
 P - a wand of polymorph (12)
Scrolls
 d - a scroll of torment {unknown}
 g - a scroll of amnesia {unknown}
 h - a scroll of blinking {unknown}
 i - 3 scrolls of fog
 k - 3 scrolls of enchant weapon
 m - a scroll of vulnerability
 p - a scroll of summoning {unknown}
 r - 2 scrolls of noise {unknown}
 A - 4 scrolls of teleportation
 B - a scroll of acquirement {unknown}
 K - a scroll of magic mapping {unknown}
 Q - 2 scrolls of silence {unknown}
Potions
 o - a potion of haste {unknown}
 s - 4 potions of mutation
 t - a potion of might {unknown}
 v - 5 potions of attraction
 w - 7 potions of curing
 x - 2 potions of berserk rage {unknown}
 z - 4 potions of magic
 D - a potion of brilliance {unknown}
 F - 3 potions of lignification {unknown}
 H - a potion of ambrosia {unknown}
 I - a potion of resistance {unknown}
 J - a potion of cancellation {unknown}
 N - 3 potions of heal wounds {unknown}
 R - a potion of invisibility {unknown}


   Skills:
 + Level 7.8 Fighting
 - Level 5.0 Dodging
 - Level 1.7 Stealth
 - Level 4.0 Shields
 - Level 8.0 Spellcasting
 * Level 10.9 Conjurations
 - Level 3.0 Translocations
 - Level 3.0 Fire Magic


You had 7 spell levels left.
You knew the following spells:

 Your Spells              Type           Power      Damage    Failure   Level
a - Magic Dart            Conj           100%       1d8       1%          1
b - Searing Ray           Conj           100%       2d8       1%          2
c - Stone Arrow           Conj/Erth      100%       3d13      2%          3
d - Fulminant Prism       Conj/Hex       26%        3d14      9%          4
e - Iskenderun's Mystic   Conj/Tloc      59%        2d12      4%          4
f - Flame Wave            Conj/Fire      59%        2d11      4%          4

Your spell library contained the following spells:

 Spells                   Type           Power      Damage    Failure   Level
 Foxfire                  Conj/Fire      100%       2x1d9     1%          1
 Conjure Flame            Conj/Fire      59%        6-21      1%          3
 Dazzling Flash           Conj/Hex       100%       N/A       2%          3
 Pain                     Necr           36%        1d5       9%          1
 Sandblast                Erth           18%        2d7       9%          1
 Summon Small Mammal      Summ           36%        N/A       9%          1
 Passwall                 Tmut/Erth      7%         N/A       12%         2
 Inner Flame              Hex/Fire       16%        N/A       13%         3
 Portal Projectile        Hex/Tloc       32%        N/A       13%         3
 Call Canine Familiar     Summ           9%         N/A       24%         3
 Summon Guardian Golem    Hex/Summ       9%         N/A       24%         3
 Orb of Destruction       Conj           38%        9d11      61%         7
 Leda's Liquefaction      Hex/Erth       4%         N/A       63%         4
 Agony                    Necr           9%         N/A       92%         5
 Excruciating Wounds      Necr           4%         N/A       92%         5
 Spellforged Servitor     Conj/Summ      26%        N/A       100%        7


Dungeon Overview and Level Annotations

Branches:
Dungeon (10/15)            Temple (1/1) D:6            Lair (0/6) D:9
Ossuary (visited)
    Orc: D:9-12

Altars:
Ashenzari
Cheibriados
Dithmenos
Elyvilon
Fedhas
Gozag
Nemelex Xobeh
Okawaru
Qazlal
Ru
Trog
Uskayaw
Vehumet
Wu Jian
Xom
Yredelemnul
Zin
The Shining One

Shops:
D:8 *

Annotations:
D:5 3 runed translucent doors, DrBrontosaurus's ghost, novice GnMo
D:8 4 runed translucent doors


Innate Abilities, Weirdness & Mutations

You can breathe blasts of fire.
Your fiery red scales are hard. (AC +7)
You cannot fit into any form of body armour.
Your flesh is heat resistant. (rF+)
You are cold-blooded and may be slowed by cold attacks.


Message History

Casting: Stone Arrow (mildly dangerous; 2% risk of failure)
Confirm with . or Enter, or press ? or * to list all spells.
Aiming: Stone Arrow (mildly dangerous; 2% risk of failure)
Press: ? - help, Shift-Dir - straight line, f/p - acid dragon
Aim: an acid dragon (almost dead, catching its breath, 78% to hit)
You feel a surge of power!
The stone arrow hits the acid dragon!
You kill the acid dragon!
The acid dragon scales are intact enough to wear.
You start resting.
A centaur comes into view. It is carrying a wand of iceblast (7).
The centaur wields a +0 shortbow.
The centaur shoots an arrow.
The arrow closely misses you.
The centaur shoots an arrow.
The arrow hits you.
The centaur shoots an arrow.
The arrow closely misses you.
The centaur shoots an arrow.
The arrow barely misses you.
Casting: Stone Arrow (mildly dangerous; 2% risk of failure)
Confirm with . or Enter, or press ? or * to list all spells.
You can't see any susceptible monsters within range! (Use Z to cast anyway.)
A gargoyle comes into view. It is wielding a +0 dire flail.
Found a scroll labelled NYCKA UTEUHETH.
The centaur shoots an arrow.
The arrow hits you!
Casting: Stone Arrow (mildly dangerous; 2% risk of failure)
Confirm with . or Enter, or press ? or * to list all spells.
Aiming: Stone Arrow (mildly dangerous; 2% risk of failure)
Press: ? - help, Shift-Dir - straight line, f - centaur
Aim: a centaur, wielding a +0 shortbow, quivering arrows and carrying a wand of iceblast (7) (87% to hit)
You feel a surge of power!
The stone arrow misses the centaur.
The centaur shoots an arrow.
You block the arrow.
The centaur zaps a wand.
The mass of ice explodes!
The iceblast engulfs you!
You hear a shout! x2
The centaur zaps a wand.
The mass of ice explodes!
The iceblast engulfs you!
As you read the scroll of teleportation, it crumbles to dust.
You feel strangely unstable.
The centaur zaps a wand.
The mass of ice explodes!
The iceblast engulfs you!
* * * LOW HITPOINT WARNING * * *
You hear a shout!
The centaur zaps a wand.
The mass of ice explodes!
The iceblast engulfs you!
* * * LOW HITPOINT WARNING * * *
The centaur zaps a wand.
The mass of ice explodes!
The iceblast engulfs you!
You die...

..................#
......................#
..............#.......##
..............###.......##
..............## ##........
.............## ##.......
#.............## ##........
#.............###.........
#...[...@.....#..........
##....=..................
##........................
#.........................
#......9...................
.....c..###................
.......## ##...............
?...... #..............
....... #.............


You could see a gargoyle and a centaur.

Vanquished Creatures
  2 two-headed ogres
  A hornet (D:8)
  7 yaks (D:8)
  A wraith (D:9)
  A steam dragon (D:8)
  2 acid dragons
  3 ice beasts
  2 water moccasins
  A black bear (D:6)
  2 sky beasts
  2 orc warriors
  A hornet zombie (D:7)
  2 necrophages
  2 centaurs (D:8)
  3 phantoms
  A bullfrog (D:9)
  2 kobold brigands (D:8)
  2 wyvern zombies
  2 gnoll sergeants
  14 scorpions
  A water moccasin zombie (D:7)
  2 water moccasin skeletons (D:5)
  4 killer bees
  2 wights (D:8)
  5 howler monkeys
  7 centaur zombies
  3 hounds
  2 human zombies (Ossuary)
  A jelly (D:8)
  2 orc priests (D:7)
  A centaur skeleton (D:7)
  A bullfrog skeleton (D:6)
  7 iguanas
  Jessica (D:2)
  A gnoll shaman (D:8)
  5 scorpion zombies (Ossuary)
  3 orc wizards
  A killer bee zombie (D:8)
  3 mummies (Ossuary)
  9 gnolls
  2 howler monkey skeletons
  6 adders
  A shadow imp (D:6)
  2 white imps
  A worm (D:4)
  2 dart slugs
  13 orcs
  5 ball pythons
  9 endoplasms
  A giant cockroach (D:2)
  2 gnoll zombies (Ossuary)
  5 goblins
  7 hobgoblins
  6 jackals
  7 kobolds
  2 quokkas (D:4)
  5 bats (D:1)
  3 frilled lizards
  2 goblin zombies (Ossuary)
  2 hobgoblin zombies (Ossuary)
  A kobold zombie (Ossuary)
  An orc zombie (Ossuary)
  5 rats
204 creatures vanquished.

Vanquished Creatures (others)
  A quokka (D:5)
  7 fulminant prisms
8 creatures vanquished.

Grand Total: 212 creatures vanquished

Notes
Turn   | Place    | Note
-------+----------+-------------------------------------------
     0 | D:1      | catcat the Draconian Conjurer began the quest for the Orb.
     0 | D:1      | Reached XP level 1. HP: 14/14 MP: 3/3
   410 | D:1      | Reached XP level 2. HP: 22/22 MP: 2/5
   442 | D:1      | Learned a level 2 spell: Searing Ray
   523 | D:1      | Reached skill level 1 in Fighting
  1033 | D:1      | Found a faded altar of an unknown god.
  1093 | D:1      | Reached XP level 3. HP: 28/28 MP: 5/7
  1418 | D:2      | Noticed Jessica
  1430 | D:2      | Killed Jessica
  1867 | D:2      | Reached XP level 4. HP: 36/36 MP: 4/8
  1905 | D:2      | Learned a level 3 spell: Stone Arrow
  2618 | D:3      | Found a bloodstained altar of Trog.
  2624 | D:3      | Found an iron altar of Okawaru.
  2626 | D:3      | Found a sacrificial altar of Ru.
  3231 | D:4      | Noticed a water moccasin
  3344 | D:4      | Killed a water moccasin
  3345 | D:4      | Reached skill level 5 in Conjurations
  3345 | D:4      | Reached XP level 5. HP: 29/45 MP: 3/9
  3515 | D:4      | Learned a level 4 spell: Fulminant Prism
  3585 | D:4      | Noticed an ice beast
  3594 | D:4      | Killed an ice beast
  3595 | D:4      | Reached skill level 6 in Conjurations
  3595 | D:4      | Reached XP level 6. HP: 36/51 MP: 1/10
  4505 | D:4      | Found a snail-covered altar of Cheibriados.
  4551 | D:5      | Entered Level 5 of the Dungeon
  4629 | D:5      | Found a runed translucent gate.
  4631 | D:5      | Found a runed translucent gate.
  4632 | D:5      | Found a runed translucent gate.
  4803 | D:5      | Reached skill level 7 in Conjurations
  4803 | D:5      | Your scales start taking on a fiery red colour.
  4803 | D:5      | Reached XP level 7. HP: 57/57 MP: 5/11
  4803 | D:5      | Gained mutation: Your flesh is heat resistant. (rF+) [Red
                  | Draconian growth]
  4911 | D:5      | Noticed DrBrontosaurus's ghost (novice GnMo)
  4997 | D:5      | Reached skill level 1 in Shields
  5619 | D:5      | Found a stormy altar of Qazlal.
  5747 | D:5      | Found a white marble altar of Elyvilon.
  5764 | D:5      | Reached XP level 8. HP: 63/63 MP: 8/15
  6260 | D:5      | Learned a level 4 spell: Iskenderun's Mystic Blast
  6330 | D:6      | Reached skill level 5 in Spellcasting
  6513 | D:6      | Identified the +1 dagger "Grim" {flame, rC++ Int+4 Stlth-}
  6535 | D:6      | Found a sand-covered staircase.
  6540 | Ossuary  | Entered an ossuary
  6633 | Ossuary  | Reached skill level 8 in Conjurations
  7251 | Ossuary  | Reached skill level 9 in Conjurations
  7457 | Ossuary  | Reached XP level 9. HP: 67/71 MP: 12/16
  7798 | D:6      | Reached skill level 10 in Conjurations
  8062 | D:6      | Reached skill level 5 in Fighting
  8121 | D:6      | Found a staircase to the Ecumenical Temple.
  8130 | Temple   | Entered the Ecumenical Temple
  9359 | D:7      | Reached skill level 1 in Translocations
  9819 | D:7      | Noticed a two-headed ogre
  9823 | D:7      | Killed a two-headed ogre
 10260 | D:8      | Reached XP level 10. HP: 83/83 MP: 11/19
 10360 | D:8      | Found a large runed translucent door.
 10360 | D:8      | Found a large runed translucent door.
 10363 | D:8      | Noticed a two-headed ogre
 10366 | D:8      | Killed a two-headed ogre
 10461 | D:8      | Found a large runed translucent door.
 10461 | D:8      | Found a large runed translucent door.
 10462 | D:8      | Noticed a cyan ugly thing
 10823 | D:8      | Learned a level 4 spell: Flame Wave
 10831 | D:8      | Found Yliniodd's Assorted Antiques.
 10947 | D:8      | Reached skill level 5 in Dodging
 10963 | D:8      | Reached skill level 1 in Fire Magic
 11394 | D:8      | Noticed a skeletal warrior
 11662 | D:9      | Found a staircase to the Lair.
 12053 | D:9      | Found an ornate altar of the Wu Jian Council.
 12169 | D:9      | Identified the +10 rapier "Bublauwo" {drain, rN+ Dex+3
                  | Stlth+}
 12932 | D:8      | Noticed a cyan ugly thing
 12995 | D:10     | Entered Level 10 of the Dungeon
 13027 | D:10     | Noticed a gargoyle
 13032 | D:10     | Killed from afar by a centaur

Illustrated notes

Levels and vault maps discovered:
D:1:      wander_arrival_peaceful_grave, layout_basic,
          hellmonk_ecumenical_altar_pennies_from_heaven
D:2:      layout_basic, uniq_jessica
D:3:      layout_basic, nicolae_overflow_hidden_temple, minitemple
D:4:      layout_rooms, amcnicky_altar_gilded, nrook_mini_backslash,
          minmay_circle_x
D:5:      layout_loops_corners, kennysheep_mini, elyvilon_altar_4,
          gammafunk_ghost_icy, corexii_corridor_pit
D:6:      layout_cave_pods, temple_hall, enter_ossuary_2, minmay_crystal_water
D:7:      layout_gridville
D:8:      layout_loops_ring, serial_shops, nicolae_shop_statue_plus,
          kennysheep_cross_bottleneck, minmay_hollow_rounded_squares
D:9:      layout_rooms, mainiacjoe_overflow_alcove_2, dpeg_oklobed_lair
D:10:     layout_big_octagon, worldfamousw_hep_ancestral_shrine,
          lemuel_doored_altar, serial_glass, glass_columns_a, glass_columns_b
Temple:   minmay_temple_curvy_loop

Skill      XL: |  1  2  3  4  5  6  7  8  9 10 |
---------------+-------------------------------+-----
Fighting       | 1 2 3 4 6 7 |  7.8
Spellcasting   | 3 4 5 6 8 |  8.0
Conjurations   | 5 6 7 9 10 | 10.9
Dodging        | 2 3 4 5 |  5.0
Shields        | 3 4 |  4.0
Translocations | 3 |  3.0
Fire Magic     | 3 |  3.0
Stealth        | |  1.7

Action                   |  1- 3 |  4- 6 |  7- 9 | 10-12 || total
-------------------------+-------+-------+-------+-------++-------
Melee: Club              |     5 |       |       |       ||     5
       Short sword       |    18 |       |       |       ||    18
       Tailslap          |     3 |       |     1 |     5 ||     9
       Unarmed           |     2 |       |       |       ||     2
       Dagger            |       |     3 |    10 |       ||    13
       Staff             |       |     2 |     9 |     2 ||    13
       Falchion          |       |       |       |     9 ||     9
       Rapier            |       |       |       |     8 ||     8
 Fire: Hunting sling     |    18 |       |       |       ||    18
Throw: Stone             |     1 |       |       |       ||     1
 Cast: Magic Dart        |    26 |    50 |     9 |     1 ||    86
       Searing Ray       |     3 |    19 |    74 |    14 ||   110
       Stone Arrow       |       |       |     8 |    37 ||    45
       Iskenderun's Myst |       |       |     4 |    11 ||    15
       Fulminant Prism   |       |       |       |     7 ||     7
       Flame Wave        |       |       |       |     1 ||     1
 Abil: Breathe Fire      |       |       |       |     1 ||     1
  Use: Scroll            |       |     2 |     6 |     2 ||    10
Armor: Skin              |    14 |     3 |    54 |    17 ||    88
Dodge: Dodged            |    29 |    13 |    63 |    30 ||   135
Block: Buckler           |       |     2 |    32 |    16 ||    50
